 Dungeon Crawl Stone Soup version 0.16-a0-715-g16937c4 (webtiles) character file.

1409 Afay the Protected (level 8, -2/64 HPs)
             Began as a Hill Orc Fighter on Sept 21, 2014.
             Was an Initiate of the Shining One.
             Slain by an orc warrior
             ... wielding a +0 battleaxe
              (10 damage)
             ... on Level 6 of the Dungeon.
             The game lasted 00:14:19 (6177 turns).

Afay the Protected (Hill Orc Fighter)               Turns: 6177, Time: 00:14:20

HP  -2/64        AC 14     Str 21      XL: 8   Next: 70%
MP   8/8         EV 11     Int  8      God: the Shining One [......]
Gold 68          SH 10     Dex 15      Spells:  0 memorised,  7 levels left

rFire  . . .     SeeInvis .     a - +0 war axe
rCold  . . .     Clarity  .     B - +0 storm dragon armour
rNeg   . . .     rCorr    .     c - +0 shield
rPois  .         rRot     .     o - +0 helmet
rElec  +         Spirit   .     (no cloak)
SustAb .         Warding  .     (no gloves)
rMut   .         Stasis   +     (no boots)
Gourm  .                        v - amulet of stasis
MR     .....                    (no ring)
                                (no ring)

@: agile, not resistant to hostile enchantments, extremely unstealthy
A: no striking features
a: Renounce Religion, Convert to Beogh


You were on level 6 of the Dungeon.
You worshipped the Shining One.
The Shining One was noncommittal.
You were very hungry.

You visited 2 branches of the dungeon, and saw 7 of its levels.

You collected 254 gold pieces.
You spent 186 gold pieces at shops.

Inventory:

Hand weapons
 a - a +0 war axe (weapon)
Armour
 c - a +0 shield (worn)
 o - a +0 helmet (worn)
 B - a +0 storm dragon armour (worn)
Magical devices
 A - a wand of cold (8)
Comestibles
 d - 4 meat rations
 f - 5 bread rations
 q - a royal jelly
 t - 4 beef jerkies
 x - 9 fruits
 z - a slice of pizza
Scrolls
 b - 2 scrolls of identify
 g - 3 scrolls of teleportation {unknown}
 h - 2 scrolls of blinking {unknown}
 i - a scroll of fog {unknown}
 j - 3 scrolls of recharging {unknown}
 k - 4 scrolls of remove curse
 m - 3 scrolls of enchant armour {unknown}
 n - a scroll of enchant weapon {unknown}
 p - a scroll of brand weapon {unknown}
 D - a scroll of magic mapping
Jewellery
 v - an amulet of stasis (around neck)
 y - the ring "Xamuem" {+/*Tele rPois MR++ Stlth-, unknown}
   (You found it on level 4 of the Dungeon)

   [ring of teleportation]

   It causes random teleportation, and can be evoked to teleport at will.
   It protects you from poison.
   It affects your resistance to hostile enchantments.
   It makes you less stealthy.
Potions
 e - a potion of might
 l - 2 potions of magic
 r - 3 potions of curing
 u - 2 potions of haste


   Skills:
 - Level 3.6 Fighting
 + Level 6.8 Axes
 * Level 8.0 Armour
 + Level 3.3 Dodging
 - Level 0.3 Stealth
 - Level 6.0 Shields


You had 7 spell levels left.
You didn't know any spells.

Dungeon Overview and Level Annotations

Branches:
Dungeon (6/15)             Temple (1/1) D:6

Altars:
Ashenzari
Cheibriados
Elyvilon
Gozag
Makhleb
Okawaru
Qazlal
Ru
Sif Muna
Trog
Yredelemnul
The Shining One

Shops:
D:5 ([?


Message History

The orc priest misses you.
You hit the orc priest but do no damage.
The orc priest is severely wounded.
You hit the orc warrior but do no damage.
The orc warrior is severely wounded.
You barely miss the orc priest.
The orc priest is severely wounded.
You barely miss the orc warrior.
The orc warrior is severely wounded.
You block the orc priest's attack.
The orc warrior hits you with a battleaxe!!
* * * LOW HITPOINT WARNING * * *
You closely miss the orc priest.
The orc priest is severely wounded.
You hit the orc warrior but do no damage.
The orc warrior is severely wounded.
The orc priest calls upon Beogh to heal the orc warrior.
The orc warrior is healed somewhat.
The orc warrior hits you with a battleaxe!
You die...

...#.####.###....#
.................########.
..##.##.......###.........
......#.........#.........
###...#....##...#........
....# #.... #...#........
##### #.#'###...#........
. # #.....oo######### ##
..####.oo@........ # .o
#..########## # .. #..# #
..... ...... ...... ..
..### ###... ......


You could see an orc warrior, 2 orc priests and an orc.

Vanquished Creatures
  A hippogriff (D:6)
  A human (D:5)
  An orc warrior (D:3)
  2 phantoms (D:5)
  2 ogres (D:4)
  A scorpion (D:4)
  A crimson imp (D:6)
  2 jellies (D:6)
  2 orc priests
  3 hounds
  3 worker ants
  2 orc wizards (D:4)
  8 gnolls (D:3)
  8 adders
  A giant mite (D:1)
  A worm (D:4)
  An iguana skeleton (D:6)
  2 giant geckos
  An ooze (D:5)
  10 orcs
  7 giant cockroaches
  17 goblins
  11 hobgoblins
  9 jackals
  14 kobolds
  6 quokkas
  12 bats
  2 giant newts
  A goblin skeleton (D:4)
  A goblin zombie (D:5)
  A kobold zombie (D:5)
  10 rats
144 creatures vanquished.

Notes
Turn   | Place    | Note
--------------------------------------------------------------
     0 | D:1      | Afay, the Hill Orc Fighter, began the quest for the Orb.
     0 | D:1      | Reached XP level 1. HP: 19/19 MP: 1/1
   231 | D:1      | Reached XP level 2. HP: 26/26 MP: 2/2
   423 | D:1      | Reached XP level 3. HP: 21/31 MP: 3/3
   683 | D:2      | Reached skill level 4 in Armour
   749 | D:2      | Found an opulent altar of Gozag.
   923 | D:2      | Reached XP level 4. HP: 28/39 MP: 4/4
  1194 | D:3      | Noticed an orc warrior
  1208 | D:3      | Killed an orc warrior
  1208 | D:3      | Reached skill level 1 in Dodging
  1208 | D:3      | Reached XP level 5. HP: 33/45 MP: 5/5
  1443 | D:3      | Reached skill level 5 in Armour
  1457 | D:3      | Reached XP level 6. HP: 32/51 MP: 6/6
  1823 | D:3      | Reached skill level 5 in Shields
  2724 | D:4      | Got a transparent silver ring
  2783 | D:4      | Reached XP level 7. HP: 46/57 MP: 7/7
  3469 | D:4      | Reached skill level 5 in Axes
  3613 | D:4      | Reached skill level 6 in Armour
  4158 | D:5      | Entered Level 5 of the Dungeon
  4431 | D:5      | Reached XP level 8. HP: 48/64 MP: 8/8
  4444 | D:5      | Found Qiebiz's Antique Weapon Shop.
  4715 | D:5      | Found Kihyokho's Armour Shoppe.
  4894 | D:5      | Found Iturac's Magic Scroll Emporium.
  4897 | D:5      | Bought a scroll of remove curse for 36 gold pieces
  4897 | D:5      | Bought a scroll of magic mapping for 42 gold pieces
  4897 | D:5      | Bought a scroll of identify for 24 gold pieces
  4897 | D:5      | Bought a scroll of noise for 12 gold pieces
  4904 | D:5      | Bought a scroll of identify for 24 gold pieces
  4904 | D:5      | Bought a scroll of identify for 24 gold pieces
  4904 | D:5      | Bought a scroll of identify for 24 gold pieces
  4956 | D:5      | Noticed a human
  4960 | D:5      | Found a basalt altar of Yredelemnul.
  5014 | D:5      | Killed a human
  5014 | D:5      | Reached skill level 7 in Armour
  5376 | D:6      | Found a burning altar of Makhleb.
  5830 | D:6      | Found a staircase to the Ecumenical Temple.
  5842 | Temple   | Entered the Ecumenical Temple
  5869 | Temple   | Became a worshipper of the Shining One
  5949 | D:6      | Reached skill level 8 in Armour
  6177 | D:6      | Slain by an orc warrior

Action                   |  1- 3 |  4- 6 |  7- 9 || total
-------------------------+-------+-------+-------++-------
Melee: War axe           |   103 |   184 |   350 ||   637
Evoke: Wand              |       |       |     1 ||     1
  Use: Scroll            |       |       |     6 ||     6
       Potion            |       |       |     1 ||     1
  Eat: Chunk             |       |     6 |    11 ||    17
